Map: Zen LE

Players

Kelazhur

  • Race: Terran Terran
  • League: Master
  • Spawn Location: 1:00

GunGFuBanDa - Winner!

  • Race: Protoss Protoss
  • League: Grandmaster
  • Spawn Location: 7:00

Event: StayAtHomestory Cup #1

VOD

Have the link to the VOD?

Description

Time

  • Played on: April 10, 2020, 6:56 a.m.
  • Length: 10:48

All games in this series

Show
View Real Time Build Order
Export as new Build Order

Kelazhur Terran 

Build Orders:  

Get SALT Encoding   

  12  0:00  SCV  
  13  0:12  SCV  
  14  0:17  Supply Depot  
  14  0:24  SCV  
  15  0:39  SCV  
  15  0:40  Barracks  
  16  0:46  Refinery  
  16  0:51  SCV  
  17  0:57  Refinery  
  17  1:03  SCV  
  18  1:18  SCV  
  18  1:22  Barracks  
  19  1:30  SCV  
  20  1:42  SCV  
  21  1:55  SCV  
  21  2:05  Reaper  
  21  2:06  Factory  
  21  2:07  Orbital Command  
  21  2:15  Supply Depot  
  21  2:33  SCV  
  22  2:44  Command Center  
  22  2:45  SCV, Bunker  
  24  2:51  Hellion  
  24  2:57  SCV  
  25  3:09  SCV  
  26  3:14  Factory Tech Lab  
  26  3:21  SCV  
  26  3:24  Supply Depot  
  27  3:33  SCV  
  27  3:34  Cyclone  
  30  3:44  Starport  
  30  3:46  SCV  
  31  3:57  Orbital Command  
  31  3:59  SCV  
  31  4:11  SCV  
  31  4:14  Siege Tank  
  35  4:23  SCV  
  36  4:24  Viking  
  38  4:32  Barracks Reactor  
  38  4:34  Orbital Command  
  38  4:35  SCV  
  39  4:48  SCV, Siege Tank  
  43  4:57  Bunker  
  43  5:00  SCV  
  43  5:02  Starport Tech Lab  
  43  5:04  SCV  
  45  5:12  SCV  
  45  5:13  Marine x2  
  47  5:16  SCV  
  47  5:18  Command Center  
  48  5:22  Siege Tank  
  48  5:24  SCV  
  52  5:28  SCV  
  52  5:29  Bunker  
  52  5:34  Supply Depot  
  52  5:35  Marine  
  54  5:46  Marine, Raven, SCV x2  
  54  5:49  Supply Depot  
  59  5:57  Barracks  
  59  5:58  SCV x2, Barracks  
  59  6:01  Marine  
  62  6:04  Marine  
  62  6:09  Siege Tank  
  62  6:11  SCV  
  67  6:13  SCV  
  67  6:17  Refinery x2  
  68  6:19  Marine  
  68  6:22  Marine  
  68  6:23  SCV  
  71  6:25  SCV  
  71  6:29  Engineering Bay x2  
  71  6:34  Orbital Command  
  71  6:35  SCV  
  71  6:39  Marine  
  72  6:40  Marine  
  73  6:52  SCV x2  
  75  6:54  Factory Reactor  
  75  6:56  Stimpack, Marauder  
  75  6:58  Marine x2  
  75  6:59  Starport Reactor  
  75  7:00  Terran Infantry Weapons Level 1, Factory Tech Lab  
  79  7:01  Marauder  
  79  7:05  Combat Shield  
  79  7:07  SCV x2  
  83  7:15  Supply Depot  
  83  7:17  SCV  
  83  7:19  SCV  
  85  7:22  Supply Depot  
  85  7:23  Supply Depot  
  85  7:26  Marine  
  85  7:27  Marauder x2  
  85  7:29  Marine  
  91  7:37  Supply Depot  
  91  7:44  Medivac x2  
  95  7:46  Terran Infantry Armor Level 1  
  95  7:49  Siege Tank  
  95  7:50  Marine x2  
  100  7:52  SCV x2  
  100  7:53  SCV  
  100  7:58  Marauder x2  
  107  8:07  Barracks  
  107  8:08  SCV x3  
  107  8:09  Barracks  
  108  8:14  Marine x2  
  110  8:20  SCV  
  110  8:23  SCV  
  112  8:27  Marauder x2  
  112  8:29  Concussive Shells  
  116  8:36  Orbital Command  
  116  8:38  Marine x2  
  118  8:49  SCV x2  
  118  8:50  Armory  
  118  8:51  Marauder x2  
  118  8:52  Supply Depot  
  118  8:54  Supply Depot  
  124  8:57  Barracks Reactor, Barracks Tech Lab  
  124  9:01  SCV  
  125  9:13  Supply Depot  
  125  9:14  Marine x2, SCV x2, Medivac x2  
  125  9:15  SCV  
  125  9:16  Widow Mine  
  125  9:17  Refinery  
  136  9:18  Supply Depot, Refinery  
  136  9:20  Supply Depot  
  136  9:26  SCV  
  136  9:29  Marauder x2  
  141  9:35  Barracks  
  141  9:36  Barracks  
  141  9:37  Marauder  
  138  9:41  Supply Depot  
  121  9:46  SCV x3  
  121  9:50  Marauder x2  
  121  9:52  Medivac  
  99  9:54  Marine  
  99  9:56  Marine  
  99  9:58  Marauder  
  93  10:01  Marine  
  93  10:03  Marine  
  91  10:09  SCV  
  91  10:12  SCV, Marine, Marauder x2  
  92  10:15  Marine  
  92  10:20  Marauder  
  93  10:23  Marine  
  93  10:25  Marine  
Show
View Real Time Build Order
Export as new Build Order

GunGFuBanDa Protoss - Winner!

Build Orders:  

Get SALT Encoding   

  12  0:01  Probe  
  13  0:13  Probe  
  14  0:19  Pylon  
  14  0:25  Probe (Chrono Boost)  
  15  0:38  Gateway  
  15  0:39  Probe (Chrono Boost)  
  16  0:44  Probe (Chrono Boost)  
  16  0:47  Assimilator  
  17  0:53  Probe  
  18  1:05  Probe  
  19  1:17  Probe  
  20  1:20  Pylon  
  20  1:25  Cybernetics Core  
  20  1:26  Zealot  
  20  1:31  Probe  
  23  1:50  Probe  
  24  1:59  Adept (Chrono Boost)  
  24  2:03  Warp Gate  
  26  2:13  Shield Battery  
  26  2:17  Nexus  
  26  2:21  Stalker (Chrono Boost)  
  28  2:32  Probe  
  29  2:43  Stalker  
  31  2:47  Assimilator  
  31  2:48  Pylon  
  31  3:06  Probe (Chrono Boost)  
  32  3:17  Twilight Council  
  32  3:18  Probe (Chrono Boost)  
  33  3:22  Stalker  
  35  3:29  Probe (Chrono Boost)  
  35  3:30  Probe (Chrono Boost)  
  37  3:41  Probe (Chrono Boost)  
  38  3:44  Probe  
  39  3:50  Probe  
  39  3:52  Gateway  
  39  3:53  Gateway  
  40  3:56  Probe  
  41  4:03  Probe  
  41  4:04  Sentry  
  41  4:06  Blink (Chrono Boost)  
  41  4:09  Probe  
  43  4:15  Probe  
  44  4:22  Probe  
  45  4:28  Probe  
  45  4:31  Robotics Facility  
  46  4:34  Probe, Pylon  
  47  4:40  Probe  
  47  4:42  Nexus  
  48  4:46  Probe  
  48  4:52  Probe, Stalker  
  50  4:58  Probe  
  53  5:05  Probe, Stalker  
  56  5:10  Probe  
  57  5:14  Assimilator  
  57  5:17  Probe  
  57  5:18  Observer  
  57  5:21  Pylon, Forge  
  59  5:22  Probe  
  59  5:25  Forge  
  60  5:30  Probe  
  60  5:34  Probe, Pylon  
  62  5:40  Observer  
  62  5:42  Probe  
  64  5:44  Charge (Chrono Boost)  
  64  5:49  Protoss Ground Weapons Level 1 (Chrono Boost)  
  64  5:52  Gateway  
  64  5:54  Probe x2, Protoss Ground Armor Level 1 (Chrono Boost)  
  64  5:55  Probe, Gateway  
  67  6:00  Gateway  
  67  6:06  Probe  
  67  6:07  Probe, Gateway  
  67  6:09  Observer  
  69  6:14  Probe, Gateway  
  69  6:18  Warp Prism  
  70  6:24  Probe, Sentry  
  70  6:25  Zealot  
  77  6:26  Pylon  
  77  6:28  Probe  
  77  6:29  Probe  
  79  6:40  Probe x2  
  79  6:42  Zealot  
  83  6:49  Probe  
  83  6:51  Pylon  
  83  6:53  Pylon  
  83  6:54  Warp Prism  
  84  6:55  Zealot x2  
  84  6:56  Pylon  
  84  7:00  Photon Cannon  
  90  7:01  Zealot  
  90  7:02  Zealot  
  94  7:13  Zealot x4  
  102  7:16  Templar Archives  
  102  7:20  Pylon  
  102  7:23  Pylon  
  102  7:27  Zealot x4  
  110  7:34  Pylon  
  110  7:40  Protoss Ground Armor Level 2 (Chrono Boost)  
  109  7:44  Protoss Ground Weapons Level 2 (Chrono Boost)  
  109  7:47  Probe  
  109  7:49  Assimilator x2  
  109  7:51  Zealot x4  
  118  8:00  Probe x2  
  118  8:01  Psionic Storm  
  118  8:02  High Templar  
  122  8:14  Nexus  
  122  8:15  High Templar  
  122  8:19  Gateway  
  124  8:21  Gateway  
  124  8:23  Pylon  
  124  8:24  Pylon  
  124  8:31  High Templar  
  126  8:37  Pylon  
  126  8:38  High Templar  
  126  8:39  Zealot x5  
  138  8:48  Probe  
  139  8:50  Probe, Immortal  
  144  8:58  Pylon  
  144  9:04  Stalker x2  
  144  9:05  Zealot x5  
  144  9:08  Probe x3  
  161  9:20  Probe, Pylon  
  161  9:31  Zealot x7  
  161  9:32  Zealot  
  135  9:57  Stalker  
  135  9:58  Zealot, Stalker x3  
  123  10:05  Immortal (Chrono Boost)  
  119  10:09  Probe  
  112  10:22  Zealot x10  
  104  10:47  Zealot x7  
  104  10:48  Zealot x3  
Tags
 
Add a new tag
Caveats
  • Supply blocks, unpowered buildings, or Contaminate may cause inaccurate times.
  • Supply counts are checked every 10 seconds.